[ AOE2 MATCH · #458093427 ]
Team RMInca vs Vietnamese
[ REPLAY ANALYSIS · EXTRACTED FROM THE RECORDED GAME ]
Feudal
—
Castle
—
Imperial
—
| APM avg | 0.5 |
| APM peak | 4 |
| eAPM avg | 0.5 |
| Villagers / military | 0 / 0 |
Feudal
—
Castle
—
Imperial
—
| APM avg | 1.3 |
| APM peak | 11 |
| eAPM avg | 0.6 |
| Villagers / military | 0 / 0 |
Focus
⚔️ 0.0% · 🌾 100.0%
Feudal
—
Castle
—
Imperial
—
| APM avg | 36.4 |
| APM peak | 57 |
| eAPM avg | 11.9 |
| Villagers / military | 14 / 0 |
Focus
⚔️ 22.2% · 🌾 77.8%
Fishing Ship ×5
Feudal
—
Castle
—
Imperial
—
| APM avg | 28.2 |
| APM peak | 36 |
| eAPM avg | 10.9 |
| Villagers / military | 17 / 0 |
Focus
⚔️ 38.3% · 🌾 61.7%
Fishing Ship ×5
Feudal
—
Castle
—
Imperial
—
| APM avg | 38.0 |
| APM peak | 58 |
| eAPM avg | 11.6 |
| Villagers / military | 19 / 0 |
Focus
⚔️ 20.8% · 🌾 79.2%
Fishing Ship ×5
Feudal
—
Castle
—
Imperial
—
| APM avg | 23.4 |
| APM peak | 36 |
| eAPM avg | 12.6 |
| Villagers / military | 9 / 0 |
Focus
⚔️ 42.7% · 🌾 57.3%
Fishing Ship ×5
Feudal
—
Castle
—
Imperial
—
| APM avg | 2.3 |
| APM peak | 19 |
| eAPM avg | 0.6 |
| Villagers / military | 0 / 0 |
Focus
⚔️ 0.0% · 🌾 100.0%
Feudal
—
Castle
—
Imperial
—
| APM avg | 48.0 |
| APM peak | 95 |
| eAPM avg | 11.4 |
| Villagers / military | 14 / 0 |
Focus
⚔️ 21.3% · 🌾 78.7%
Fishing Ship ×5
Match map
Initial resources + every placement click. Lines = walls · curves = elevation contours. ◆ gold · ⬟ stone · ● berries · ✦ relic · ◌ wall gap
Your base
哈米達's base
SovereignGrace316's base
TigerBitePig's base
jimboneko's base
はじめ's base
落兮's base
Ingent's base
Smoothed initial terrain · ◌ = detected wall gap · hover for details
Inputs per minute
— MM de GÜEMES - - 哈米達
Build order — MM de GÜEMES
0 actions detected in the replay
Build order — 哈米達
1 actions detected in the replay
| 0:21 | Build | Town Center |
Build order — SovereignGrace316
27 actions detected in the replay
| 0:13 | Build | Town Center |
| 0:53 | Build | Dock |
| 0:56 | Build | House |
| 2:42 | Create | Villager (Male) |
| 2:42 | Create | Villager (Male) |
| 2:43 | Create | Villager (Male) |
| 2:43 | Create | Villager (Male) |
| 2:43 | Create | Villager (Male) |
| 3:42 | Build | House |
| 4:00 | Create | Villager (Male) |
| 4:01 | Create | Villager (Male) |
| 4:23 | Create | Fishing Ship |
| 4:34 | Research | Loom |
| 4:58 | Create | Fishing Ship |
| 5:13 | Build | House |
| 5:31 | Create | Villager (Male) |
| 6:00 | Create | Villager (Male) |
| 6:10 | Create | Fishing Ship |
| 6:32 | Build | House |
| 6:44 | Create | Villager (Male) |
| 6:46 | Create | Villager (Male) |
| 6:46 | Create | Villager (Male) |
| 6:46 | Create | Villager (Male) |
| 7:16 | Create | Fishing Ship |
| 7:18 | Create | Villager (Male) |
| 8:05 | Create | Fishing Ship |
| 8:07 | Build | House |
Build order — TigerBitePig
28 actions detected in the replay
| 0:35 | Build | Town Center |
| 2:19 | Build | House |
| 2:38 | Create | Villager (Male) |
| 2:39 | Create | Villager (Male) |
| 2:39 | Create | Villager (Male) |
| 2:39 | Create | Villager (Male) |
| 4:23 | Research | Loom |
| 4:30 | Build | Dock |
| 4:32 | Build | House |
| 4:45 | Create | Villager (Male) |
| 4:45 | Create | Villager (Male) |
| 5:08 | Create | Fishing Ship |
| 5:16 | Create | Villager (Male) |
| 5:45 | Create | Villager (Male) |
| 5:46 | Create | Villager (Male) |
| 5:54 | Create | Fishing Ship |
| 5:54 | Create | Fishing Ship |
| 6:24 | Create | Villager (Male) |
| 6:24 | Create | Villager (Male) |
| 6:37 | Create | Fishing Ship |
| 6:44 | Create | Villager (Male) |
| 6:52 | Build | House |
| 7:15 | Create | Villager (Male) |
| 7:15 | Create | Villager (Male) |
| 7:45 | Create | Fishing Ship |
| 8:02 | Create | Villager (Male) |
| 8:02 | Create | Villager (Male) |
| 8:03 | Create | Villager (Male) |
Build order — jimboneko
33 actions detected in the replay
| 0:20 | Build | Town Center |
| 1:26 | Build | House |
| 1:28 | Build | Dock |
| 2:32 | Create | Villager (Male) |
| 2:32 | Create | Villager (Male) |
| 2:32 | Create | Villager (Male) |
| 2:32 | Create | Villager (Male) |
| 3:33 | Build | Palisade Wall |
| 3:34 | Build | Palisade Wall |
| 4:12 | Create | Fishing Ship |
| 4:14 | Research | Loom |
| 4:41 | Create | Villager (Male) |
| 5:06 | Build | House |
| 5:10 | Create | Villager (Male) |
| 5:10 | Create | Villager (Male) |
| 5:34 | Create | Villager (Male) |
| 5:35 | Create | Villager (Male) |
| 5:40 | Create | Fishing Ship |
| 5:54 | Create | Villager (Male) |
| 6:12 | Create | Villager (Male) |
| 6:12 | Create | Villager (Male) |
| 6:38 | Create | Villager (Male) |
| 6:48 | Build | House |
| 7:13 | Create | Villager (Male) |
| 7:17 | Create | Fishing Ship |
| 7:22 | Build | House |
| 7:43 | Create | Villager (Male) |
| 7:43 | Create | Villager (Male) |
| 7:44 | Create | Villager (Male) |
| 8:04 | Create | Fishing Ship |
| 8:04 | Create | Fishing Ship |
| 8:18 | Create | Villager (Male) |
| 8:22 | Create | Villager (Male) |
Build order — はじめ
20 actions detected in the replay
| 0:10 | Build | Town Center |
| 1:54 | Build | Dock |
| 2:33 | Build | House |
| 2:36 | Build | House |
| 2:43 | Create | Villager (Male) |
| 2:53 | Create | Villager (Male) |
| 3:04 | Create | Villager (Male) |
| 3:36 | Create | Villager (Male) |
| 4:11 | Create | Fishing Ship |
| 4:25 | Research | Loom |
| 4:48 | Create | Fishing Ship |
| 5:19 | Create | Villager (Male) |
| 6:01 | Create | Fishing Ship |
| 6:01 | Create | Fishing Ship |
| 6:11 | Create | Villager (Male) |
| 6:25 | Create | Fishing Ship |
| 6:34 | Create | Villager (Male) |
| 7:01 | Create | Villager (Male) |
| 7:16 | Build | House |
| 7:34 | Create | Villager (Male) |
Build order — 落兮
1 actions detected in the replay
| 0:03 | Build | Town Center |
Build order — Ingent
26 actions detected in the replay
| 0:45 | Build | Town Center |
| 0:51 | Build | Dock |
| 0:54 | Build | House |
| 1:05 | Build | Town Center |
| 3:09 | Create | Villager (Male) |
| 3:09 | Create | Villager (Male) |
| 3:09 | Create | Villager (Male) |
| 3:16 | Research | Loom |
| 3:16 | Create | Villager (Male) |
| 3:17 | Create | Villager (Male) |
| 3:17 | Create | Villager (Male) |
| 3:17 | Create | Villager (Male) |
| 4:38 | Create | Villager (Male) |
| 5:14 | Create | Fishing Ship |
| 5:15 | Create | Villager (Male) |
| 5:43 | Build | House |
| 5:50 | Build | House |
| 5:58 | Create | Villager (Male) |
| 6:34 | Create | Villager (Male) |
| 6:47 | Create | Fishing Ship |
| 6:47 | Create | Fishing Ship |
| 7:13 | Create | Villager (Male) |
| 7:45 | Create | Fishing Ship |
| 7:49 | Create | Villager (Male) |
| 8:17 | Create | Fishing Ship |
| 8:20 | Create | Villager (Male) |
Match timeline
| 0:31 | 落兮 · resign |
| 0:51 | Ingent · first_building Dock |
| 0:53 | SovereignGrace316 · first_building Dock |
| 1:28 | jimboneko · first_building Dock |
| 1:54 | はじめ · first_building Dock |
| 3:33 | jimboneko · wall_segment Palisade Wall x1 |
| 3:34 | jimboneko · wall_segment Palisade Wall x1 |
| 4:30 | TigerBitePig · first_building Dock |
[ AI ANALYSIS · 1 CREDIT ]
What really happened in this match?
Wolo.gg analyzes every decision: build order, eco, micro, common mistakes by bracket. Personalized analysis on WhatsApp or Discord in 30 seconds.
Civ guide
Inca
Map guide
Nomad
Perfil
MM de GÜEMES